 Dungeon Crawl Stone Soup version 0.24-a0-48-g0ecae65 (console) character file.

Game seed: 11795996020246281737

47 Duffy the Chopper (level 3, 15/32 HPs)
             Began as a Naga Gladiator on Feb 3, 2019.
             Quit the game on level 4 of the Dungeon.
             The game lasted 00:00:48 (1033 turns).

Duffy the Chopper (Naga Gladiator)                  Turns: 1033, Time: 00:00:48

Health: 15/32      AC:  3    Str: 16    XL:     3   Next: 70%
Magic:  3/3        EV: 10    Int:  8    God:
Gold:   66         SH:  0    Dex: 13    Spells: 2/2 levels left

rFire    . . .     SeeInvis +   a - +0 war axe
rCold    . . .     Gourm    .   (no shield)
rNeg     . . .     Faith    .   b - +0 leather armour
rPois    +         Spirit   .   c - +0 helmet
rElec    .         Reflect  .   (no cloak)
rCorr    .         Harm     .   (no gloves)
MR       .....                  (no barding)
Stlth    ..........             (no amulet)
HPRegen  0.10/turn              k - ring of attention (curse)
MPRegen  0.08/turn              n - ring of poison resistance

@: mildly poisoned (15 -> 12), very slow
A: large, see invisible, deformed body, poison resistance, slowness 2, slow
metabolism 1, spit poison 1, AC +1
a: Spit Poison


You were on level 4 of the Dungeon.
You were not hungry.

You visited 1 branch of the dungeon, and saw 4 of its levels.

You collected 66 gold pieces.

Inventory:

Hand Weapons
 a - a +0 war axe (weapon)
Missiles
 d - 3 throwing nets (quivered)
Armour
 b - a +0 leather armour (worn)
 c - a +0 helmet (worn)
Jewellery
 k - a cursed ring of attention (left hand)
 n - a ring of poison resistance (right hand)
Scrolls
 e - a scroll of noise {unknown}
 h - a scroll of remove curse {unknown}
 i - a scroll of identify {unknown}
 l - a scroll of fog {unknown}
Potions
 g - a potion of berserk rage {unknown}
 j - a potion of ambrosia {unknown}
Comestibles
 f - 2 rations
 m - 2 chunks of flesh


   Skills:
 - Level 2.0 Fighting
 + Level 4.5 Axes
 - Level 1.7 Throwing
 - Level 2.4 Dodging


You had 2 spell levels left.
You didn't know any spells.
Your spell library was empty.

Dungeon Overview and Level Annotations

Branches:
Dungeon (4/15)
 Temple: D:4-7

Altars:
Makhleb

Shops:
D:4 :


Innate Abilities, Weirdness & Mutations

You cannot wear boots.
Your serpentine skin is tough. (AC +1)
You have supernaturally acute eyesight. (SInv)
Armour fits poorly on your strangely shaped body.
Your system is resistant to poisons. (rPois)
You cover ground very slowly.
You have a slow metabolism.
You can spit poison.


Message History

You hit the worker ant but do no damage.
You hit the orc.
You kill the orc!
You feel sick. The worker ant barely misses you.
The worker ant bites you but does no damage.
You closely miss the orc wizard. You hit the worker ant.
The orc wizard hits you with a +0 dagger.
The worker ant bites you. The orc wizard misses you.
You are too injured to fight recklessly!
You are too injured to fight recklessly!
You are too injured to fight recklessly!
You are too injured to fight recklessly!
You are too injured to fight recklessly!
You are too injured to fight recklessly!
You are too injured to fight recklessly!
You are too injured to fight recklessly!
You are too injured to fight recklessly!
You are too injured to fight recklessly!
You are too injured to fight recklessly!
Are you sure you want to abandon this character and quit the game? (Confirm with "yes".)

##.###### #.......#
#$...##.# ##.##.##.#
#......... #..##.##.#
###..##.##.#
.#############.........>#
....(oo@.........########
......a).......###
################


You could see a worker ant, an orc wizard (invisible) and an orc.

Vanquished Creatures
  A hound (D:3)
  A dart slug (D:2)
  A leopard gecko (D:1)
  An orc (D:4)
  3 goblins
  A hobgoblin (D:3)
  3 bats (D:1)
  A kobold (D:3)
  A rat (D:1)
13 creatures vanquished.

Notes
Turn   | Place    | Note
-------+----------+-------------------------------------------
     0 | D:1      | Duffy the Naga Gladiator began the quest for the Orb.
     0 | D:1      | Reached XP level 1. HP: 19/19 MP: 1/1
   208 | D:1      | Reached XP level 2. HP: 26/26 MP: 2/2
   724 | D:3      | Found a burning altar of Makhleb.
   731 | D:3      | Reached skill level 4 in Axes
   731 | D:3      | Reached XP level 3. HP: 21/32 MP: 3/3
  1004 | D:4      | Found Peemed's Book Shoppe.
  1033 | D:4      | Quit the game

Vault maps used:
D:1:      matt_arrival_grand_opening
D:2:      lemuel_coloured_pillars_altar
D:3:      makhleb_heckhound_becter
D:4:      nemelex_xobeh_ov_fountains_minmay, kennysheep_mini_moat,
          enter_ossuary_2, serial_shops, shop, grunt_decor_arrowhead

Skill      XL: |  1  2 |
---------------+-------+-----
Axes           | 4 |  4.5
Fighting       | |  2.0
Throwing       | |  1.7
Dodging        | |  2.4

Action                   || total
-------------------------++-------
Melee: War axe           ||    36
 Abil: Spit Poison       ||     2
Armor: Leather armour    ||    10
Dodge: Dodged            ||    33

Table legend:
 A = Non-vault XP
 B = Vault XP
 C = Vault XP percentage of total XP
 D = Non-vault monster count
 E = Vault monster count
 F = Vault count percentage of total count
                 A         B        C        D         E       F
            +---------+---------+-------+---------+---------+-------
      Total |      25 |      43 |  63.2 |      12 |       1 |   7.7
            +---------+---------+-------+---------+---------+-------
        D:1 |      13 |       0 |   0.0 |       7 |       0 |   0.0
        D:2 |       4 |       0 |   0.0 |       1 |       0 |   0.0
        D:3 |       5 |      43 |  89.6 |       3 |       1 |  25.0
        D:4 |       3 |       0 |   0.0 |       1 |       0 |   0.0
            +---------+---------+-------+---------+---------+-------
